AoeStats
← Cinnamoroll

Socotra

506503113Analyzed
4v4 RM · 18d ago on Sep 13, 2026· 29m 54s· 8 players
Game mode
Random Map
Map size
148×148
Population
200
Speed
Normal
Resources
Standard
Victory
Conquest
Starting age
Dark Age
Ending age
Imperial Age
RankedLock teamsTeams togetherTeam positionsShared explorationLock speedFull tech treeHidden civsTurbo modeCheats
Victory
Defeat
🇮🇳 Magyars · India
1620
+13
🇺🇸 Sicilians · United States
1559
+16
🇺🇸 Maya · United States
1533
+17
🇺🇸 Koreans · United States
1494
+18
1635
-19
🇺🇸 Britons · United States
1573
-17
🇨🇦 Spanish · Canada
1540
-16
🇺🇸 Italians · United States
1454
-12
Cinnamoroll
7:03 Loom
10:10 Feudal Age
10:45 Double-Bit Axe
20:54 Padded Archer Armor
21:12 Fletching
Eat_Rice
4:23 Loom
9:37 Feudal Age
15:22 Double-Bit Axe
EXILE | NOPALITO
6:54 Loom
8:52 Feudal Age
13:44 Fletching
23:06 Padded Archer Armor
28:34 Castle Age
28:37 Crossbowman
29:18 Bodkin Arrow
EXILE | Tulita de 2 cm oxidada
6:37 Loom
8:51 Feudal Age
9:39 Double-Bit Axe
10:20 Horse Collar
18:17 Scale Barding Armor
19:22 Wheelbarrow
19:18 Forging
21:06 Bloodlines
25:12 Castle Age
25:18 Light Cavalry
27:35 Chain Barding Armor
27:40 Husbandry
joeharry10
0:26 Loom
10:25 Feudal Age
10:54 Double-Bit Axe
14:13 Wheelbarrow
14:06 Fletching
18:01 Gold Mining
19:06 Padded Archer Armor
19:30 Town Watch
25:06 Castle Age
25:09 Crossbowman
25:45 Bodkin Arrow
26:06 Leather Archer Armor
27:11 Ballistics
Boarderdudeman
7:33 Loom
10:08 Feudal Age
11:05 Double-Bit Axe
14:52 Fletching
28:19 Castle Age
28:59 Bodkin Arrow
29:14 Horse Collar
ChuckieMagnets
6:01 Loom
anshumessi420
5:47 Loom
8:42 Feudal Age
10:26 Double-Bit Axe
15:55 Scale Barding Armor
20:41 Bloodlines
22:59 Horse Collar
28:29 Castle Age
28:30 Light Cavalry
30:01 Chain Barding Armor
Connection lost

Rejoining the realm…

Still unreachable

The connection could not be restored.

Session expired

The server has moved on; the page needs a fresh start.